 Dungeon Crawl Stone Soup version 0.30-a0-1074-g5db6f66fbb (webtiles) character file.

Game seed: 9952783398966170780

374 NinjaNoafa the Shooter (level 6, -1/48 HPs)
             Began as a Barachi Hunter on Apr 13, 2023.
             Frozen to death by an endoplasm (4 damage)
             ... on level 3 of the Dungeon.
             The game lasted 00:03:43 (1631 turns).

NinjaNoafa the Shooter (Barachi Hunter)             Turns: 1631, Time: 00:03:43

Health: -1/48      AC:  2    Str: 13    XL:     6   Next: 72%
Magic:  6/6        EV: 15    Int:  9    God:
Gold:   154        SH:  0    Dex: 23    Spells: 5/5 levels left

rFire   . . .      SeeInvis .    a - +0 shortbow
rCold   . . .      Faith    +    (shield currently unavailable)
rNeg    + . .      Spirit   .    o - +0 robe {rN+}
rPois   .          Reflect  .    (no helmet)
rElec   .          Rampage  .    (no cloak)
rCorr   .                        (no gloves)
Will    .....                    (no boots)
Stlth   ++                       m - amulet of faith
HPRegen 0.28/turn                e - +6 ring of dexterity
MPRegen 0.10/turn                (no ring)

@: unable to hop, slow
A: amphibious, slowness 1, strong legs 1, +LOS
a: Hop


You were on level 3 of the Dungeon.
You visited 1 branch of the dungeon, and saw 3 of its levels.

You collected 154 gold pieces.

Inventory:

Hand Weapons
 a - a +0 shortbow (weapon)
Missiles
 h - a throwing net
Armour
 o - a +0 robe of positive energy (worn)
Jewellery
 e - a +6 ring of dexterity (left hand)
 m - an amulet of faith (around neck)
Scrolls
 b - a scroll of immolation
 g - a scroll of noise {unknown}
 j - a scroll of blinking {unknown}
 k - a scroll of vulnerability {unknown}
 n - a scroll of brand weapon {unknown}
Potions
 c - a potion of attraction {unknown}
 d - a potion of curing {unknown}
 f - a potion of cancellation
 i - a potion of lignification {unknown}
 l - a potion of resistance {unknown}


   Skills:
 - Level 4.0 Fighting
 + Level 6.0 Ranged Weapons
 - Level 3.0 Armour
 - Level 4.0 Dodging
 - Level 0.8 Stealth


You had 5 spell levels left.
You didn't know any spells.
Your spell library was empty.

Dungeon Overview and Level Annotations

Branches:
Dungeon (3/15)

Altars:
Xom


Innate Abilities, Weirdness & Mutations

You are amphibious.
You cover ground slowly.
You can hop short distances.
You have an extended range of vision and can be seen from far away.


Message History

The fiery explosion engulfs you!!!
Ouch! That really hurt!
* * * LOW HITPOINT WARNING * * *
Training target 4.0 for Dodging reached!
Training target 3.0 for Armour reached!
Your Ranged Weapons skill increases to level 6!
Your Armour skill gained 2 levels and is now at level 3!
Your Dodging skill increases to level 4!
You have reached level 6!
c - a glowing brown potion An endoplasm comes into view.
The endoplasm jiggles.
The endoplasm jiggles.
The endoplasm attacks as you move away! The endoplasm barely misses you.
Fire: a) +0 shortbow
Press: ? - help, Q - select action, (/) - cycle Shift-Dir - straight line, f - endoplasm
Aim: an endoplasm (88% to hit)
You shoot an arrow.
The arrow completely misses the endoplasm.
The endoplasm barely misses you.
Fire: a) +0 shortbow
Press: ? - help, Q - select action, (/) - cycle Shift-Dir - straight line, f/p - endoplasm
Aim: an endoplasm (88% to hit)
You shoot an arrow.
The arrow completely misses the endoplasm.
The endoplasm freezes you.
You are frozen.
* * * LOW HITPOINT WARNING * * *
You shoot an arrow. The arrow hits the endoplasm.
The endoplasm is lightly wounded.
The endoplasm freezes you.
You are frozen.
* * * LOW HITPOINT WARNING * * *
The endoplasm hits you.
* * * LOW HITPOINT WARNING * * *
Okay, then.
It was a potion of cancellation.
You feel magically purged. The endoplasm freezes you.
You are frozen.
You die...

# ....####.....# ..##.#..#....)
# #..... #......# .##.##.......
# ... #.#.<.##.## #.....##....
.. #....###..# #...#.##..).
.###.###.....##.###.#..##.###...
#....(...###........... #.# #..^
#..>.)..###......##... #.# ##..
#...........##J..####.. #.# ...
#............##@..##...##.# ...
#............#............# ..
####.........#.............
##........................
............†##.........#.
..###.##.....##########...
...##.....# #. ######.....#
#.....#


You could see an endoplasm.

Vanquished Creatures
  Grinder (D:3)
  An orc priest (D:3)
  4 gnolls (D:2)
  3 adders
  A worm (D:3)
  3 dart slugs
  5 orcs
  4 endoplasms
  3 giant cockroaches
  2 goblins (D:2)
  8 hobgoblins
  2 jackals (D:1)
  A kobold (D:1)
  2 quokkas
  3 ball pythons
  2 bats
  10 frilled lizards
  11 rats
  A spectral kobold (D:1)
67 creatures vanquished.

Notes
Turn   | Place    | Note
-------+----------+-------------------------------------------
     0 | D:1      | NinjaNoafa the Barachi Hunter began the quest for the Orb.
     0 | D:1      | Reached XP level 1. HP: 17/17 MP: 1/1
   131 | D:1      | Reached XP level 2. HP: 21/23 MP: 2/2
   190 | D:1      | Found a faded altar of an unknown god.
   621 | D:2      | Found a shimmering altar of Xom.
   623 | D:2      | Reached XP level 3. HP: 29/29 MP: 3/3
   789 | D:2      | Reached XP level 4. HP: 26/35 MP: 4/4
  1340 | D:3      | Reached skill level 1 in Armour
  1340 | D:3      | Reached XP level 5. HP: 29/42 MP: 5/5
  1567 | D:3      | Reached skill level 5 in Ranged Weapons
  1593 | D:3      | Noticed Grinder
  1604 | D:3      | Paralysed by Grinder for 3 turns
  1611 | D:3      | Killed Grinder
  1612 | D:3      | Reached skill level 6 in Ranged Weapons
  1612 | D:3      | Reached XP level 6. HP: 3/48 MP: 6/6
  1631 | D:3      | Frozen to death by an endoplasm

Illustrated notes

Levels and vault maps discovered:
D:1:      tarquinn_simple_flora_water_e, layout_basic,
          dreamdust_ecumenical_altar_drowned_temple, st_stairs_6,
          minmay_lizard_pond
D:2:      layout_loops_cross, basic_altar, kennysheep_doodads,
          guppyfry_early_orc_mine
D:3:      layout_rooms, mainiacjoe_overflow_alcove_2, uniq_grinder

Skill      XL: |  1  2  3  4  5 |
---------------+----------------+-----
Fighting       | 3 4 |  4.0
Dodging        | 3 4 |  4.0
Armour         | 1 3 |  3.0
Ranged Weapons | 6 |  6.0
Stealth        | |  0.8

Action                     |  1- 3 |  4- 6 || total
---------------------------+-------+-------++-------
   Fire: Shortbow          |    89 |    82 ||   171
Ability: Hop               |     1 |     1 ||     2
    Use: Scroll            |       |     1 ||     1
         Potion            |       |     1 ||     1
 Armour: Leather armour    |    16 |     1 ||    17
  Dodge: Dodged            |    29 |    12 ||    41

Table legend: (Time is in decaauts)
 A = Elapsed time spent in this place.
 B = Non-inter-level travel time spent in this place.
 C = Inter-level travel time spent in this place.
 D = Time resting spent in this place.
 E = Time spent auto-exploring this place.
 F = Levels seen in this place.
 G = Mean time per level.
                   A        B        C        D        E       F      G
               +--------+--------+--------+--------+--------+-----+--------+
         Total |   1950 |   1899 |     51 |      0 |   1401 |   3 |  650.0 |
       Dungeon |   1950 |   1899 |     51 |      0 |   1401 |   3 |  650.0 |
               +--------+--------+--------+--------+--------+-----+--------+

Top non-repeatable levels by time:
     D:2: 835 daAuts
     D:1: 750 daAuts
     D:3: 364 daAuts
